 Dungeon Crawl Stone Soup version 0.19.5 (webtiles) character file.

153 tidbits the Slasher (level 5, -1/34 HPs)
             Began as a High Elf Wanderer on Oct 30, 2017.
             Succumbed to Robin's poison
             ... on level 2 of the Dungeon.
             The game lasted 00:09:53 (1145 turns).

tidbits the Slasher (High Elf Wanderer)             Turns: 1145, Time: 00:09:54

Health: -1/34      AC:  7    Str: 16    XL:     5   Next: 12%
Magic:  11/11      EV: 11    Int: 14    God:
Gold:   74         SH:  0    Dex: 17    Spells: 1 memorised, 10 levels left

rFire  . . .     SeeInvis .     a - +2 falchion
rCold  . . .     Gourm    .     B - +0 ring mail
rNeg   . . .     Faith    +     (no shield)
rPois  .         Spirit   .     E - +1 helmet
rElec  .         Reflect  .     (no cloak)
rCorr  .         Harm     .     (no gloves)
MR     .....                    (no boots)
Stlth  ++........               q - amulet of faith
                                (no ring)
                                (no ring)

@: mighty, lethally poisoned (-1 -> -28), exhausted, slowed, very slow
A: no striking features
a: no special abilities


You were on level 2 of the Dungeon.
You were not hungry.

You visited 1 branch of the dungeon, and saw 3 of its levels.

You collected 74 gold pieces.

Inventory:

Hand Weapons
 a - a +2 falchion (weapon)
 b - a +0 hunting sling
   (You took it off a goblin on level 3 of the Dungeon)
 d - a +0 dagger
Missiles
 f - 21 arrows
 m - 49 stones (quivered)
 u - 15 sling bullets
Armour
 n - a +0 robe
 B - a +0 ring mail (worn)
   (You found it on level 3 of the Dungeon)
 E - a +1 helmet (worn)
   (You found it on level 2 of the Dungeon)
Jewellery
 q - an amulet of faith (around neck)
   (You found it on level 3 of the Dungeon)
 s - an uncursed ring of resist corrosion {unknown}
   (You found it on level 3 of the Dungeon)
Wands
 l - a wand of random effects (12/48)
Scrolls
 e - a scroll of magic mapping {unknown}
 g - 3 scrolls of remove curse {unknown}
 k - a scroll of enchant weapon {unknown}
 t - a scroll of blinking {unknown}
Potions
 p - a potion of cancellation
Books
 o - a book of Maledictions
   (You found it on level 3 of the Dungeon)

   Spells                             Type                      Level
   a - Corona                         Hexes                        1
   b - Ensorcelled Hibernation        Hexes/Ice                    2
   c - Confuse                        Hexes                        3
   d - Tukima's Dance                 Hexes                        3
   e - Dazzling Spray                 Conjuration/Hexes            3
Comestibles
 c - a bread ration
 j - 2 meat rations


   Skills:
 + Level 2.0 Fighting
 * Level 5.3 Long Blades
 - Level 1.0 Dodging
 - Level 2.1 Stealth
 - Level 3.6 Spellcasting
 - Level 2.0 Hexes
 - Level 1.0 Evocations


You had 10 spell levels left.
You knew the following spells:

 Your Spells              Type           Power        Failure   Level  Hunger
o - Corona                Hex            #......      21%         1    None


Dungeon Overview and Level Annotations

Branches:
Dungeon (3/15)

Altars:
Xom


Message History

Things that are here:
a dagger; a goblin corpse
Items here: ( ))) †††
u - 18 sling bullets
b - a +0 hunting sling (weapon)
Quiver which item? (- for none, * to show all) (? for menu, Esc to quit)
Quivering
u - 18 sling bullets for slings.
Firing (i - inventory. (,) - cycle):
u - 18 sling bullets (quivered)
Press: ? - help, Shift-Dir - straight line, f - Robin
Aim: Robin, wielding a short sword of venom, wearing an animal skin and wearing a helmet (hasn't noticed you)
You shoot a sling bullet. The sling bullet closely misses Robin.
Robin shouts!
Items here: ))) ††† Firing (i - inventory. (,) - cycle):
u - 17 sling bullets (quivered)
Press: ? - help, Shift-Dir - straight line, f/p - Robin
Aim: Robin, wielding a short sword of venom, wearing an animal skin and wearing a helmet You shoot a sling bullet.
The sling bullet barely misses Robin.
Robin throws the goblin at you! The goblin hits you.
* * * LOW HITPOINT WARNING * * *
a - a +2 falchion (weapon)
Robin roars a battlecry!
The goblin goes into a battle-frenzy!
The goblin hits you but does no damage.
You slash the goblin!
You kill the goblin!
b - a +0 hunting sling (weapon)
A goblin comes into view. It is wielding a dagger.
Firing (i - inventory. (,) - cycle):
u - 16 sling bullets (quivered)
Press: ? - help, Shift-Dir - straight line, f/p - Robin
Aim: Robin, wielding a short sword of venom, wearing an animal skin and wearing a helmet You shoot a sling bullet.
The goblin shouts!
The sling bullet hits Robin.
Robin is moderately wounded.
Robin throws the goblin at you! The goblin hits you with a dagger.
* * * LOW HITPOINT WARNING * * *
a - a +2 falchion (weapon)
You closely miss the goblin. The goblin hits you with a dagger.
* * * LOW HITPOINT WARNING * * *
You barely miss the goblin. The goblin hits you with a dagger.
* * * LOW HITPOINT WARNING * * *
You feel better. The goblin barely misses you. Robin barely misses you.
It was a potion of cancellation.
You feel magically purged. The goblin hits you but does no damage.
Robin hits you with a short sword of venom.
* * * LOW HITPOINT WARNING * * *
You are lethally poisoned!
It was a potion of might.
You feel very mighty all of a sudden.
* * * LOW HITPOINT WARNING * * *
You feel sick. The goblin completely misses you.
You riposte.
You slash the goblin!
You kill the goblin!
Your Fighting skill increases to level 2!
Robin hits you but does no damage.
You are more poisoned.
It was a potion of berserk rage.
A red film seems to cover your vision as you go berserk!
You feel yourself moving faster!
You feel mighty!
* * * LOW HITPOINT WARNING * * *
You feel sick.
Robin hits you with a short sword of venom.
* * * LOW HITPOINT WARNING * * *
You are more poisoned.
You slash Robin!
Robin is almost dead.
* * * LOW HITPOINT WARNING * * *
You feel sick.
Robin hits you with a short sword of venom.
* * * LOW HITPOINT WARNING * * *
You are more poisoned.
You slash Robin!
You kill Robin!
* * * LOW HITPOINT WARNING * * *
You feel sick.
Unknown command.
Unknown command.
You are too berserk!
* * * LOW HITPOINT WARNING * * *
You feel sick.
You feel a strong urge to attack something.
* * * LOW HITPOINT WARNING * * *
You feel sick.
Items here: )) †† a dagger x2; a goblin corpse x2
You are too berserk!
Unknown command.
* * * LOW HITPOINT WARNING * * *
You feel sick.
You swing at nothing.
You feel your anger subside.
* * * LOW HITPOINT WARNING * * *
You feel sick.
You swing at nothing.
You are no longer berserk.
You are exhausted.
You feel yourself slow down.
* * * LOW HITPOINT WARNING * * *
You feel sick.
You die...

#.#######...#.....###.#
.# #...#.....# #.# .#
#...#.....# .# .#
#.#.#†....# #
#.#.#.....# #
#.#.####.## # #.#g. #)#
# #.g #.# # #.. #@# #
... #.# .#.#### #.##.#
....... #.#..#(######
##.###. #....(........
....... ##...#.#######
##.#.## #.....# #.
#.....# # ####..###


There were no monsters in sight!

Vanquished Creatures
  2 orc wizards (D:3)
  Robin (D:2)
  3 adders (D:3)
  A worm (D:3)
  A dart slug (D:1)
  4 orcs (D:3)
  4 bats
  2 giant cockroaches
  13 goblins
  5 hobgoblins
  5 jackals
  A quokka (D:3)
  2 ball pythons
  5 frilled lizards
  2 kobolds (D:2)
  4 rats
55 creatures vanquished.

Notes
Turn   | Place    | Note
-------+----------+-------------------------------------------
     0 | D:1      | tidbits the High Elf Wanderer began the quest for the Orb.
     0 | D:1      | tidbits set off with: a +2 falchion, a wand of random effects (15/48), a +0 robe, a +0 dagger, a bread ration
     0 | D:1      | Reached XP level 1. HP: 13/13 MP: 6/6
    44 | D:1      | Reached skill level 1 in Dodging
   184 | D:1      | Reached skill level 2 in Long Blades
   184 | D:1      | Reached XP level 2. HP: 11/18 MP: 7/7
   393 | D:2      | Noticed Robin
   394 | D:2      | Reached skill level 3 in Long Blades
   407 | D:3      | Reached XP level 3. HP: 12/23 MP: 9/9
   570 | D:3      | Found a shimmering altar of Xom.
   618 | D:3      | HP: 2/23 [orc wizard/magic dart (9)]
   619 | D:3      | Reached skill level 4 in Long Blades
   619 | D:3      | Reached XP level 4. HP: 2/28 MP: 10/10
   962 | D:3      | Reached skill level 5 in Long Blades
   977 | D:3      | Learned a level 1 spell: Corona
  1105 | D:2      | Reached XP level 5. HP: 20/34 MP: 11/11
  1136 | D:2      | Reached skill level 2 in Fighting
  1139 | D:2      | Killed Robin
  1144 | D:2      | HP: 3/34 [poisoned by Robin]
  1145 | D:2      | Succumbed to Robin's poison

Skill      XL: |  1  2  3  4  5 |
---------------+----------------+-----
Dodging        | 1 |  1.0
Long Blades    | 2 3 4 5 |  5.3
Fighting       | 2 |  2.0
Stealth        | |  2.1
Spellcasting   | |  3.6
Hexes          | |  2.0
Evocations     | |  1.0

Action                   |  1- 3 |  4- 6 || total
-------------------------+-------+-------++-------
Melee: Falchion          |    61 |    73 ||   134
 Fire: Hunting sling     |     6 |    13 ||    19
Throw: Stone             |     3 |     3 ||     6
 Cast: Corona            |       |     2 ||     2
Evoke: Wand              |     3 |       ||     3
  Use: Potion            |     1 |     6 ||     7
 Stab: Sleeping          |     3 |     1 ||     4
  Eat: Chunk             |       |     1 ||     1
Armor: Robe              |    11 |       ||    11
       Ring mail         |     3 |    21 ||    24
Dodge: Dodged            |    39 |    28 ||    67
       Rpst.: Falchion   |    14 |    12 ||    26

Table legend:
 A = Turns spent in this place as a percentage of turns spent in the entire game.
 B = Non-inter-level travel turns spent in this place as a percentage of non-inter-level travel turns spent in the entire game.
 C = Inter-level travel turns spent in this place as a percentage of turns spent in this place.
 D = Turns resting spent in this place as a percentage of non-inter-level travel turns spent in this place.
 E = Turns spent auto-exploring this place as a percentage of non-inter-level travel turns spent in this place.
 F = Non-inter-level travel turns spent in this place divided by the number of levels of this place that you've seen.
                   A       B       C       D       E      F
               +-------+-------+-------+-------+-------+----------------------
         Total | 100.0 | 100.0 |   0.0 |   0.2 |   0.0 | 332.0
       Dungeon | 100.0 | 100.0 |   0.0 |   0.2 |   0.0 | 332.0
               +-------+-------+-------+-------+-------+----------------------

Table legend:
 A = Kills in this place as a percentage of kills in entire the game.
 B = Kills by you in this place as a percentage of kills by you in the entire game.
 C = Kills by friends in this place as a percentage of kills by friends in the entire game.
 D = Other kills in this place as a percentage of other kills in the entire game.
 E = Experience gained in this place as a percentage of experience gained in the entire game.
 F = Experience gained in this place divided by the number of levels of this place that you have seen.
                   A       B       C       D       E      F
               +-------+-------+-------+-------+-------+----------------------
         Total | 100.0 | 100.0 |  -nan |  -nan | 100.0 |  73.0
       Dungeon | 100.0 | 100.0 |  -nan |  -nan | 100.0 |  73.0
               +-------+-------+-------+-------+-------+----------------------

Vault maps used:
D:1:      saegor_arrival_miasma, minmay_misc_feat_square
D:2:      uniq_robin
D:3:      nicolae_overflow_hidden_temple, minivault_23
